 Dungeon Crawl Stone Soup version 0.26.1-2-gb8aa6d0cf2 (webtiles) character file.

Game seed: 16754999619491279213

55 H0rd4k the Charlatan (level 4, -6/32 HPs)
             Began as a Human Artificer on Mar 18, 2021.
             Killed by divine providence
             ... invoked by an orc priest
              (11 damage)
             ... on level 3 of the Dungeon.
             The game lasted 00:01:38 (1813 turns).

H0rd4k the Charlatan (Human Artificer)              Turns: 1813, Time: 00:01:39

Health: -6/32      AC:  3    Str: 14    XL:     4   Next: 14%
Magic:  4/4        EV: 11    Int: 11    God:
Gold:   98         SH:  0    Dex: 13    Spells: 3/3 levels left

rFire    . . .     SeeInvis .   h - +0 short sword
rCold    . . .     Faith    .   (no shield)
rNeg     . . .     Spirit   .   b - +0 leather armour
rPois    .         Reflect  .   (no helmet)
rElec    .         Harm     .   (no cloak)
rCorr    .         Rampage  .   (no gloves)
Will     .....                  (no boots)
Stlth    +.........             (no amulet)
HPRegen  0.10/turn              (no ring)
MPRegen  0.09/turn              (no ring)

@: no status effects
A: no striking features
a: no special abilities


You were on level 3 of the Dungeon.
You visited 1 branch of the dungeon, and saw 3 of its levels.

You collected 98 gold pieces.

Inventory:

Hand Weapons
 a - a +0 club
 h - a +0 short sword (weapon)
Missiles
 j - 19 poisoned darts
Armour
 b - a +0 leather armour (worn)
Jewellery
 i - an uncursed amulet of magic regeneration {unknown}
 m - a +6 ring of strength {unknown}
 o - an uncursed ring of poison resistance {unknown}
Wands
 c - a wand of flame (13) (quivered)
 d - a wand of enslavement (11)
 e - a wand of random effects (15)
Scrolls
 f - 2 scrolls of identify {unknown}
 n - a scroll of fear {unknown}
 p - a scroll of blinking {unknown}
 q - a scroll of magic mapping {unknown}
Potions
 g - 2 potions of cancellation {unknown}
 k - 2 potions of heal wounds {unknown}
 l - a potion of might {unknown}


   Skills:
 + Level 1.3 Fighting
 + Level 1.3 Short Blades
 + Level 2.6 Armour
 + Level 1.3 Dodging
 + Level 1.3 Stealth
 + Level 3.5 Evocations


You had 3 spell levels left.
You didn't know any spells.
Your spell library was empty.

Dungeon Overview and Level Annotations

Branches:
Dungeon (3/15)

Altars:
Zin

Annotations:
D:2 Robin


Message History

* * * LOW HITPOINT WARNING * * *
An orc comes into view.
You barely miss the goblin.
The orc shouts!
The goblin no longer looks unusually strong.
The quokka barely misses you. The goblin closely misses you.
You hit the goblin.
The goblin is heavily wounded.
The quokka bites you.
* * * LOW HITPOINT WARNING * * *
An orc wizard comes into view. It is wielding a -2 dagger.
The goblin closely misses you.
You closely miss the goblin.
The goblin is heavily wounded.
The quokka closely misses you. The goblin closely misses you.
A hobgoblin comes into view. It is wielding a +0 club.
The quokka barely misses you.
The orc priest calls down the wrath of Beogh upon you.
Beogh smites you!
You die... ######### #@g...... #r####### #ol

.oo.
#o...
......
.o.....
.g###.#.


You could see 2 orc priests, an orc wizard, 2 orcs, a quokka, a hobgoblin, a
goblin and a frilled lizard.

Vanquished Creatures
  2 adders (D:2)
  A dart slug (D:2)
  A ball python (D:1)
  6 goblins
  6 hobgoblins
  8 kobolds
  3 bats
  8 rats (D:1)
35 creatures vanquished.

Vanquished Creatures (collateral kills)
  A worm (D:2)
  A kobold (D:2)
  2 rats (D:2)
4 creatures vanquished.

Vanquished Creatures (others)
  An adder (D:2)
  A worm (D:2)
2 creatures vanquished.

Grand Total: 41 creatures vanquished

Notes
Turn   | Place    | Note
-------+----------+-------------------------------------------
     0 | D:1      | H0rd4k the Human Artificer began the quest for the Orb.
     0 | D:1      | Reached XP level 1. HP: 15/15 MP: 1/1
   152 | D:1      | Reached XP level 2. HP: 5/21 MP: 2/2
   968 | D:1      | Reached XP level 3. HP: 24/26 MP: 3/3
  1363 | D:2      | Reached skill level 1 in Short Blades
  1461 | D:2      | Reached XP level 4. HP: 19/32 MP: 4/4
  1712 | D:2      | Found a glowing silver altar of Zin.
  1797 | D:2      | Noticed Robin
  1813 | D:3      | Killed from afar by an orc priest

Illustrated notes

Levels and vault maps discovered:
D:1:      nicolae_arrival_memento_mori, layout_basic
D:2:      cheibrodos_helix_gallery, layout_rooms, overflow_temple_1_default,
          lemuel_round_altar, chequers_ecumenical_altar_twisty, serial_aquarium,
          aquarium_bridge_straight [aquarium_subvault_bridge,
          aquarium_subvault_wall, aquarium_subvault_bridge,
          aquarium_subvault_wall], aquarium_window_1, aquarium_window_1,
          aquarium_window_2, aquarium_window_corridor_1, aquarium_view_2f,
          aquarium_view_2g, aquarium_balcony_5b, aquarium_pool_1,
          minmay_distorted, uniq_robin
D:3:      layout_basic, serial_rivers, chequers_serial_rivers_small_b,
          chequers_serial_rivers_micro_e, chequers_serial_rivers_micro_a,
          chequers_serial_rivers_small_a, minmay_misc_feat_diagonals

Skill      XL: |  1  2  3 |
---------------+----------+-----
Short Blades   | 1 |  1.3
Fighting       | |  1.3
Armour         | |  2.6
Dodging        | |  1.3
Stealth        | |  1.3
Evocations     | |  3.5

Action                   |  1- 3 |  4- 6 || total
-------------------------+-------+-------++-------
Melee: Club              |    16 |       ||    16
       Short sword       |    69 |    26 ||    95
Evoke: Wand              |     6 |       ||     6
 Stab: Sleeping          |     1 |     1 ||     2
Armor: Leather armour    |    20 |     8 ||    28
Dodge: Dodged            |    46 |    26 ||    72
